AoeStats
← TM Caesar

Black Forest

506923247Analyzed
2v2 RM · 17d ago on Sep 15, 2026· 32m 58s· 4 players
Game mode
Random Map
Map size
Medium (4 player)
Population
200
Speed
Normal
Resources
Standard
Victory
Conquest
Starting age
Dark Age
Ending age
Imperial Age
RankedLock teamsTeams togetherTeam positionsShared explorationLock speedFull tech treeHidden civsTurbo modeCheats
Victory
Defeat
🇨🇿 Khmer · Czechia
1928
+4
🇨🇿 Dravidians · Czechia
1636
+11
🇦🇷 Gurjaras · Argentina
1573
-8
🇨🇴 Goths · Colombia
1559
-7
WryPig
0:40 Loom
14:50 Feudal Age
18:39 Castle Age
16:36 Man-at-Arms
TM Caesar
2:46 Loom
11:08 Feudal Age
12:26 Horse Collar
14:50 Castle Age
13:01 Double-Bit Axe
16:01 Bow Saw
21:20 Husbandry
21:59 Scale Barding Armor
22:40 Bloodlines
27:00 Chain Barding Armor
28:10 Forging
30:03 Heavy Plow
30:26 Scale Mail Armor
31:03 Iron Casting
30:53 Fletching
31:07 Stone Mining
32:24 Wheelbarrow
pren
12:27 Feudal Age
15:21 Castle Age
13:13 Double-Bit Axe
13:09 Horse Collar
15:57 Bloodlines
15:48 Loom
15:25 Light Cavalry
28:16 Pikeman
Simonz
0:41 Loom
12:45 Feudal Age
13:23 Horse Collar
16:27 Castle Age
14:44 Double-Bit Axe
17:42 Bow Saw
18:26 Town Watch
20:30 Wheelbarrow
24:57 Hand Cart
29:58 Imperial Age
27:39 Fletching
28:13 Ballistics
27:52 Gold Mining
28:43 Bodkin Arrow
29:51 Heavy Plow
29:55 Padded Archer Armor
30:38 Thumb Ring
30:48 Bracer
31:50 Chemistry
31:19 Leather Archer Armor
32:23 Two-Man Saw
30:51 Elite Elephant Archer
31:43 Husbandry
33:33 Ring Archer Armor
Connection lost

Rejoining the realm…

Still unreachable

The connection could not be restored.

Session expired

The server has moved on; the page needs a fresh start.